 Dungeon Sprint DCSS version 0.27-a0-1256-gced786f65e (webtiles) character file.

Game seed: 14491541293025584453

284 mhtbhm the Grappler (level 6, 0/60 HPs)
             Began as a Ghoul Monk on June 11, 2021.
             Incinerated by a deep elf pyromancer (6 damage)
             ... with a sticky flame
             ... in the Dungeon (Sprint III: "The Ten Rune Challenge").
             The game lasted 00:01:03 (808 turns).

mhtbhm the Grappler (Ghoul Monk)                     Turns: 808, Time: 00:01:04

Health: 0/60       AC:  3    Str: 17    XL:     6   Next: 29%
Magic:  5/5        EV: 14    Int:  5    God:
Gold:   27         SH:  0    Dex: 11    Spells: 5/5 levels left

rFire    . . .     SeeInvis .     - Unarmed
rCold    + . .     Faith    .   (no shield)
rNeg     + + +     Spirit   .   a - +0 robe
rPois    ∞         Reflect  .   (no helmet)
rElec    .         Harm     .   c - +0 cloak
rCorr    .         Rampage  .   (no gloves)
Will     .....     NoTele   +   (no boots)
Stlth    +.........             (no amulet)
HPRegen  0.00/turn              (no ring)
MPRegen  0.09/turn              (no ring)

@: on fire, glowing
A: claws 1, cold resistance 1, negative energy resistance 3, inhibited
regeneration, torment resistance 2
a: no special abilities


You were in the Dungeon.
You visited 1 branch You collected 27 gold pieces.

Inventory:

Armour
 a - a +0 robe (worn)
 c - a +0 cloak (worn)
Scrolls
 d - a scroll of torment {unknown}
 f - a scroll of blinking
 g - 3 scrolls of fear {unknown}
 h - 2 scrolls of identify {unknown}
 k - a scroll of holy word {unknown}
Potions
 b - a potion of curing
 e - 2 potions of magic
 i - a potion of attraction {unknown}
 j - 2 potions of flight {unknown}


   Skills:
 + Level 7.4 Fighting
 + Level 6.6 Dodging
 + Level 5.6 Stealth
 + Level 9.2 Unarmed Combat


You had 5 spell levels left.
You didn't know any spells.
Your spell library contained the following spells:

 Spells                   Type           Power      Damage    Failure   Level
 Magic Dart               Conj           0%         1d3       47%         1
 Blink                    Tloc           N/A        N/A       63%         2
 Call Imp                 Summ           0%         N/A       63%         2
 Searing Ray              Conj           0%         3d3       63%         2
 Slow                     Hex            0%         N/A       63%         2
 Conjure Flame            Conj/Fire      0%         6-21      85%         3
 Dazzling Flash           Conj/Hex       0%         N/A       85%         3
 Mephitic Cloud           Conj/Pois/Air  0%         N/A       85%         3
 Fulminant Prism          Conj/Hex       0%         3d6       99%         4
 Iskenderun's Mystic Bla  Conj/Tloc      0%         2d3       99%         4


Dungeon Overview and Level Annotations

Branches:
Dungeon (1/1)

Altars:
Dithmenos
Elyvilon
Kikubaaqudgha
Ru
Sif Muna
Vehumet
Yredelemnul
Zin
The Shining One


Innate Abilities, Weirdness & Mutations

You thrive by killing the living.
You are immune to poison.
You have sharp fingernails.
Your flesh is cold resistant. (rC+)
You are immune to negative energy. (rN+++)
You do not regenerate when monsters are visible.
You are immune to unholy pain and torment.


Message History

You have reached level 6!
Your experience leads to an increase in your attributes!
Increase (S)trength, (I)ntelligence, or (D)exterity?
You feel stronger.
Unknown command.
There is an open door, spattered with blood here.
Items here: ) [ ††.
You now have 27 gold pieces (gained 10).
You start resting.
There is an open door, spattered with blood here.
Items here: ) [ ††.
You start resting.
You start resting.
HP restored.
You open the door.
A deep elf pyromancer comes into view.
It is wielding a +2 long sword of holy wrath.
The deep elf pyromancer picks up a potion of heal wounds.
Found three altars.
The deep elf pyromancer gestures at you while chanting.
The sticky flame hits you!
You are covered in liquid flames!
There is an open door here.
You are covered in liquid flames!
The deep elf pyromancer points at you and mumbles some strange words.
The sticky flame hits you!
You are covered in liquid flames!
You scratch the deep elf pyromancer.
The deep elf pyromancer is lightly wounded.
You are covered in liquid flames!
The deep elf pyromancer hits you with a +2 long sword of holy wrath!
You convulse!
* * * LOW HITPOINT WARNING * * *
You scratch the deep elf pyromancer.
The deep elf pyromancer is lightly wounded.
You are covered in liquid flames!
* * * LOW HITPOINT WARNING * * *
The deep elf pyromancer mumbles some strange words.
The deep elf pyromancer blinks!
You are covered in liquid flames!
You die...

▓▓▓▓▓▓ ▓▓▓ .#(..####
##.##### ####
.#......#####..#___# #__#
##.......#!!#..#@..# #._#
.##.##...#..#..###'#+###)##
.##.###..##'#..#..........#
####.##..###...'.⌠....e...#
##..##.)####...#...######+#
....##..###....#.⌠.#
#..##..†##.....#...#
..##....#......#'###
.###..##.#..)..#.))#


You could see a deep elf pyromancer.

Vanquished Creatures
  A necrophage (D)
  A water elemental (D)
  Crazy Yiuf (D)
  Jessica (D)
  A wizard (D)
  A necromancer (D)
  A human (D)
  A kobold demonologist (D)
  2 endoplasms (D)
  A rat (D)
11 creatures vanquished.

Notes
Turn   | Place    | Note
-------+----------+-------------------------------------------
     0 | D        | mhtbhm the Ghoul Monk began the quest for the Orb.
     0 | D        | Reached XP level 1. HP: 19/19 MP: 0/0
    58 | D        | Noticed Jessica
    64 | D        | Killed Jessica
    65 | D        | Reached skill level 5 in Unarmed Combat
    65 | D        | Reached XP level 2. HP: 19/28 MP: 1/1
    65 | D        | Reached XP level 3. HP: 23/35 MP: 2/2
   194 | D        | Reached skill level 5 in Fighting
   300 | D        | Noticed Crazy Yiuf
   311 | D        | Killed Crazy Yiuf
   312 | D        | Reached skill level 6 in Unarmed Combat
   312 | D        | Reached XP level 4. HP: 23/44 MP: 3/3
   474 | D        | Noticed a water elemental
   483 | D        | Killed a water elemental
   484 | D        | Reached skill level 5 in Dodging
   484 | D        | Reached skill level 7 in Unarmed Combat
   484 | D        | Reached XP level 5. HP: 29/51 MP: 4/4
   615 | D        | Found a radiant altar of Vehumet.
   616 | D        | Found a shimmering blue altar of Sif Muna.
   616 | D        | Found an ancient bone altar of Kikubaaqudgha.
   639 | D        | Found a basalt altar of Yredelemnul.
   639 | D        | Found a shadowy altar of Dithmenos.
   639 | D        | Found a sacrificial altar of Ru.
   639 | D        | Noticed a necrophage
   645 | D        | Reached skill level 8 in Unarmed Combat
   656 | D        | Killed a necrophage
   657 | D        | Reached skill level 5 in Stealth
   657 | D        | Reached skill level 9 in Unarmed Combat
   657 | D        | Reached XP level 6. HP: 31/60 MP: 5/5
   803 | D        | Noticed a deep elf pyromancer
   808 | D        | Incinerated by a deep elf pyromancer

Illustrated notes

Levels and vault maps discovered:
D:        dungeon_sprint_mu [sprint_mu_entry_cave, sprint_mu_temple_rooms,
          sprint_mu_d1_spiders, sprint_mu_d2_genie, sprint_mu_d3_branching,
          sprint_mu_orc_legion, sprint_mu_elf_gauntlet, sprint_mu_hive_nellie,
          sprint_mu_lair_fedhas, sprint_mu_vaults_butterflies,
          sprint_mu_slime_circle, sprint_mu_shoals_archi,
          sprint_mu_snake_twists, sprint_mu_blade_basic,
          sprint_mu_crypt_chambers, sprint_mu_tomb_spiral,
          sprint_mu_vestibule_basic, sprint_mu_gehenna_hellfire,
          sprint_mu_dis_giant, sprint_mu_tartarus_statrot,
          sprint_mu_cocytus_islands, sprint_mu_zot1]

Skill      XL: |  1  2  3  4  5 |
---------------+----------------+-----
Dodging        | 4 5 6 |  6.6
Fighting       | 4 5 6 7 |  7.4
Unarmed Combat | 5 6 7 9 |  9.2
Stealth        | 3 5 |  5.6

Action                   |  1- 3 |  4- 6 || total
-------------------------+-------+-------++-------
Melee: Unarmed           |    37 |    27 ||    64
       Punch             |     1 |     1 ||     2
  Use: Potion            |     2 |       ||     2
 Stab: Sleeping          |     2 |     3 ||     5
Armor: Robe              |     1 |     1 ||     2
Dodge: Dodged            |    18 |     7 ||    25

Table legend: (Time is in decaauts)
 A = Elapsed time spent in this place.
 B = Non-inter-level travel time spent in this place.
 C = Inter-level travel time spent in this place.
 D = Time resting spent in this place.
 E = Time spent auto-exploring this place.
 F = Levels seen in this place.
 G = Mean time per level.
                   A        B        C        D        E       F      G
               +--------+--------+--------+--------+--------+-----+--------+
         Total |    785 |    785 |      0 |    615 |     15 |   1 |  785.0 |
       Dungeon |    785 |    785 |      0 |    615 |     15 |   1 |  785.0 |
               +--------+--------+--------+--------+--------+-----+--------+

Top non-repeatable levels by time:
       D: 785 daAuts
